 Dungeon Crawl Stone Soup version 0.29-a0-553-g81b289dbe5 (webtiles) character file.

Game seed: 1607923561509617968

11 DocClef the Covert (level 2, -6/29 HPs)
             Began as a Gnoll Delver on June 6, 2022.
             Mangled by a gnoll
             ... wielding a +0 halberd
              (14 damage)
             ... on level 3 of the Dungeon.
             The game lasted 00:01:11 (489 turns).

DocClef the Covert (Gnoll Delver)                    Turns: 489, Time: 00:01:11

Health: -6/29      AC:  3    Str: 11    XL:     2   Next: 25%
Magic:  2/2        EV:  7    Int:  9    God:
Gold:   27         SH:  0    Dex: 13    Spells: 1/1 levels left

rFire   . . .      SeeInvis .   a - +0 short sword
rCold   . . .      Faith    .   (no shield)
rNeg    . . .      Spirit   .   b - +0 leather armour
rPois   .          Reflect  .   (no helmet)
rElec   .          Harm     .   (no cloak)
rCorr   .          Rampage  .   (no gloves)
Will    .....                   (no boots)
Stlth   ++++......              (no amulet)
HPRegen 0.09/turn               (no ring)
MPRegen 0.08/turn               (no ring)

@: held
A: fangs 1, strong nose, distributed training
a: no special abilities


You were on level 3 of the Dungeon.
You visited 1 branch of the dungeon, and saw 3 of its levels.

You collected 27 gold pieces.

Inventory:

Hand Weapons
 a - a +0 short sword (weapon)
Armour
 b - a +0 leather armour (worn)
Wands
 g - a wand of digging (3)
Scrolls
 c - a scroll of fog
 d - a scroll of magic mapping
 e - a scroll of fear
Potions
 f - a potion of haste
 h - a potion of degeneration {unknown}
 i - a potion of heal wounds {unknown}
 j - a potion of berserk rage {unknown}


   Skills:
 + Level 6.4 Fighting
 + Level 4.4 Short Blades
 + Level 0.3 Long Blades
 + Level 0.3 Axes
 + Level 0.3 Maces & Flails
 + Level 0.3 Polearms
 + Level 0.3 Staves
 + Level 0.3 Slings
 + Level 0.3 Bows
 + Level 0.3 Crossbows
 + Level 0.3 Throwing
 + Level 0.3 Armour
 + Level 4.4 Dodging
 + Level 9.5 Stealth
 + Level 0.3 Shields
 + Level 0.3 Unarmed Combat
 + Level 0.3 Spellcasting
 + Level 0.2 Conjurations
 + Level 0.2 Hexes
 + Level 0.2 Summonings
 + Level 0.2 Necromancy
 + Level 0.2 Translocations
 + Level 0.2 Transmutations
 + Level 0.2 Fire Magic
 + Level 0.2 Ice Magic
 + Level 0.2 Air Magic
 + Level 0.2 Earth Magic
 + Level 0.2 Poison Magic
 + Level 0.4 Invocations
 + Level 0.3 Evocations


You had one spell level left.
You didn't know any spells.
Your spell library was empty.

Dungeon Overview and Level Annotations

Branches:
Dungeon (5/15)
 Temple: D:4-7

Altars:

Annotations:
D:4 3 runed translucent doors


Innate Abilities, Weirdness & Mutations

You have very sharp teeth.
Your uncanny sense of smell can sniff out nearby items.
Your experience applies equally to all skills.


Message History

No target in view!
No target in view!
No target in view!
No target in view!
No target in view!
No target in view!
No target in view!
No target in view!
No target in view!
No target in view!
No target in view!
No target in view!
No target in view!
No target in view!
No target in view!
You now have 27 gold pieces (gained 14).
There is a stone staircase leading up here.
j - a sedimented pink potion 2 gnolls come into view.
There are monsters nearby!
There are monsters nearby!
There are monsters nearby! 2 gnolls come into view.
Found 12 gold pieces.
The gnoll shouts! x2
The gnoll barely misses you.
The gnoll throws a throwing net.
The throwing net hits you.
You become entangled in the net!
You see here a throwing net.
You are held in a net!
You struggle against the net.
The gnoll hits you with a +0 club. The gnoll hits you but does no damage.
You struggle against the net.
The gnoll hits you from afar with a +0 spear.
The gnoll closely misses you. The gnoll hits you with a +0 halberd!
You struggle against the net.
The gnoll hits you from afar with a +0 spear.
The gnoll hits you with a +0 club.
* * * LOW HITPOINT WARNING * * *
The gnoll hits you with a +0 halberd!
You die...

#........#.#
###........#.#
∆.............#
.######.###### #
#.##########
#.#.........
#####.#.........
#.....#..gg.....
#.#+#...@.g.....
#....g......
#...........
#......#####
##.....# #.....#
#.##### #.#


You could see 4 gnolls.

Vanquished Creatures
  2 orcs
  An endoplasm (D:3)
  2 giant cockroaches (D:4)
  2 goblins
  A frilled lizard (D:3)
8 creatures vanquished.

Notes
Turn   | Place    | Note
-------+----------+-------------------------------------------
     0 | D:5      | Reached skill level 9 in Stealth
     0 | D:5      | DocClef the Gnoll Delver began the quest for the Orb.
     0 | D:5      | Reached XP level 1. HP: 23/23 MP: 1/1
    54 | D:5      | Noticed a gnoll shaman
    69 | D:5      | Noticed an iguana
    70 | D:5      | Noticed a black bear
   153 | D:4      | Found a runed translucent gate.
   153 | D:4      | Found a runed translucent gate.
   362 | D:4      | Found a runed translucent gate.
   366 | D:4      | Reached XP level 2. HP: 29/29 MP: 2/2
   489 | D:3      | Mangled by a gnoll

Illustrated notes

Levels and vault maps discovered:
D:3:      layout_basic, mainiacjoe_overflow_swirl, trog_three_pillars_becter,
          mainiacjoe_overflow_surrounded_room, jmf_multi_god_temple
D:4:      layout_rooms, ebering_ghost_rock_garden, amethyst_killhole,
          roderic_roman_lattice
D:5:      layout_loops_ring, serial_shops, kennysheep_little_box

Skill      XL: | |
---------------+-+-----
Stealth        | |  9.5
Fighting       | |  6.4
Short Blades   | |  4.4
Long Blades    | |  0.3
Axes           | |  0.3
Maces & Flails | |  0.3
Polearms       | |  0.3
Staves         | |  0.3
Slings         | |  0.3
Bows           | |  0.3
Crossbows      | |  0.3
Throwing       | |  0.3
Armour         | |  0.3
Dodging        | |  4.4
Shields        | |  0.3
Unarmed Combat | |  0.3
Spellcasting   | |  0.3
Conjurations   | |  0.2
Hexes          | |  0.2
Summonings     | |  0.2
Necromancy     | |  0.2
Translocations | |  0.2
Transmutations | |  0.2
Fire Magic     | |  0.2
Ice Magic      | |  0.2
Air Magic      | |  0.2
Earth Magic    | |  0.2
Poison Magic   | |  0.2
Invocations    | |  0.4
Evocations     | |  0.3

Action                   || total
-------------------------++-------
Melee: Short sword       ||    12
       Bite              ||     1
 Stab: Sleeping          ||     3
Armor: Leather armour    ||     4
Dodge: Dodged            ||    21

Table legend: (Time is in decaauts)
 A = Elapsed time spent in this place.
 B = Non-inter-level travel time spent in this place.
 C = Inter-level travel time spent in this place.
 D = Time resting spent in this place.
 E = Time spent auto-exploring this place.
 F = Levels seen in this place.
 G = Mean time per level.
                   A        B        C        D        E       F      G
               +--------+--------+--------+--------+--------+-----+--------+
         Total |    486 |    486 |      0 |    196 |    144 |   3 |  162.0 |
       Dungeon |    486 |    486 |      0 |    196 |    144 |   3 |  162.0 |
               +--------+--------+--------+--------+--------+-----+--------+

Top non-repeatable levels by time:
     D:4: 239 daAuts
     D:5: 152 daAuts
     D:3: 94 daAuts
